 Dungeon Crawl Stone Soup version 0.29-a0-857-g9b1aa3ac5b (webtiles) character file.

Game seed: 14271359452990362321

22 xian the Trooper (level 2, 0/24 HPs)
             Began as a Demonspawn Fighter on July 17, 2022.
             Succumbed to an adder's poison
             ... on level 2 of the Dungeon.
             The game lasted 00:03:03 (1114 turns).

xian the Trooper (Demonspawn Fighter)               Turns: 1114, Time: 00:03:04

Health: 0/24       AC: 10    Str: 19 (22) XL:     2   Next: 68%
Magic:  2/2        EV:  9    Int:  7 (9)  God:
Gold:   58         SH:  5    Dex:  9 (12) Spells: 1/1 levels left

rFire   . . .      SeeInvis .   a - +0 long sword
rCold   . . .      Faith    .   c - +1 buckler
rNeg    . . .      Spirit   .   b - +0 scale mail
rPois   .          Reflect  .   (helmet restricted)
rElec   .          Harm     .   (no cloak)
rCorr   .          Rampage  .   (no gloves)
Will    .....                   (no boots)
Stlth   ..........              (no amulet)
HPRegen 0.08/turn               f - +6 ring of strength
MPRegen 0.08/turn               g - +4 ring of protection

@: lethally poisoned (0 -> -4), attractive
A: horns 1
a: no special abilities


You were on level 2 of the Dungeon.
You visited 1 branch of the dungeon, and saw 2 of its levels.

You collected 58 gold pieces.

Inventory:

Hand Weapons
 a - a +0 long sword (weapon)
Armour
 b - a +0 scale mail (worn)
 c - a +1 buckler (worn)
Jewellery
 f - a +6 ring of strength (left hand)
 g - a +4 ring of protection (right hand)
Scrolls
 e - 2 scrolls of poison
Potions
 d - 2 potions of might


   Skills:
 + Level 3.2 Fighting
 + Level 2.1 Long Blades
 + Level 2.9 Armour
 + Level 3.0 Shields


You had one spell level left.
You didn't know any spells.
Your spell library was empty.

Dungeon Overview and Level Annotations

Branches:
Dungeon (2/15)

Altars:

Annotations:
D:2 Robin


Innate Abilities, Weirdness & Mutations

You have a pair of small horns on your head.


Message History

The goblin hits you but does no damage. Robin throws the goblin at you!
You barely miss the adder.
The adder is heavily wounded.
The adder barely misses you. The goblin barely misses you.
The goblin hits you but does no damage. The adder bites you.
You are poisoned.
The adder poisons you! You block the goblin's attack.
The goblin closely misses you.
You miss the goblin.
You feel sick.
The goblin no longer looks unusually strong. x2
You block the adder's attack. The goblin hits you but does no damage.
The goblin hits you with a +0 club.
* * * LOW HITPOINT WARNING * * *
The adder bites you but does no damage.
You closely miss the goblin. You headbutt the goblin.
You kill the goblin!
You feel sick. The adder bites you but does no damage.
The goblin closely misses you. Robin throws the goblin at you!
You hit the goblin. Your headbutt misses the goblin.
The goblin is heavily wounded.
You feel sick.
You are no longer poisoned.
The goblin no longer looks unusually strong. x2
The adder bites you but does no damage. You block the goblin's attack.
The goblin hits you but does no damage. The adder bites you.
* * * LOW HITPOINT WARNING * * *
You are lethally poisoned!
The adder poisons you! The goblin hits you but does no damage.
You block the goblin's attack.
It was a potion of degeneration.
There was something very wrong with that liquid.
You feel weakened.
You feel dopey.
You feel clumsy.
* * * LOW HITPOINT WARNING * * *
You feel sick.
The goblin no longer looks unusually strong.
The adder barely misses you. You block the goblin's attack.
The goblin barely misses you. The adder bites you but does no damage.
It was a potion of attraction.
You feel attractive to monsters.
You die... .# ...... .. ..... #. .... .#... .... #g.## #ggr#

#@#.# #S#.##
###gg..#
#..ggg.##
###.......#
......(..#.#
............##
........:....#
.............#


You could see Robin, an adder, a quokka, a hobgoblin (strong) and 6 goblins.

Vanquished Creatures
  2 bats (D:1)
  An endoplasm (D:1)
  3 goblins (D:2)
  A kobold (D:1)
  2 ball pythons (D:1)
  14 frilled lizards (D:1)
  2 rats (D:1)
25 creatures vanquished.

Vanquished Creatures (others)
  6 plants (D:1)
6 creatures vanquished.

Grand Total: 31 creatures vanquished

Notes
Turn   | Place    | Note
-------+----------+-------------------------------------------
     0 | D:1      | xian the Demonspawn Fighter began the quest for the Orb.
     0 | D:1      | Reached XP level 1. HP: 18/18 MP: 1/1
   263 | D:1      | Gained mutation: You have a pair of small horns on your
                  | head. [demonic ancestry]
   263 | D:1      | Reached XP level 2. HP: 14/24 MP: 2/2
  1094 | D:2      | Noticed Robin
  1113 | D:2      | HP: 1/24 [poisoned by an adder]
  1114 | D:2      | Succumbed to an adder's poison

Illustrated notes

Levels and vault maps discovered:
D:1:      lightli_iron_boxes, layout_loops_ring, chequers_serial_rivers_large_a,
          minmay_lizard_king
D:2:      layout_basic, uniq_terence, uniq_robin, uniq_jessica

Skill      XL: |  1  2 |
---------------+-------+-----
Shields        | 3 |  3.0
Long Blades    | 2 |  2.1
Fighting       | |  3.2
Armour         | |  2.9

Action                   || total
-------------------------++-------
Melee: Long sword        ||    77
       Headbutt          ||     5
  Use: Scroll            ||     4
       Potion            ||     2
Armor: Scale mail        ||    67
Dodge: Dodged            ||    53
Block: Buckler           ||    26

Table legend: (Time is in decaauts)
 A = Elapsed time spent in this place.
 B = Non-inter-level travel time spent in this place.
 C = Inter-level travel time spent in this place.
 D = Time resting spent in this place.
 E = Time spent auto-exploring this place.
 F = Levels seen in this place.
 G = Mean time per level.
                   A        B        C        D        E       F      G
               +--------+--------+--------+--------+--------+-----+--------+
         Total |   1151 |   1105 |     46 |    100 |    764 |   2 |  575.5 |
       Dungeon |   1151 |   1105 |     46 |    100 |    764 |   2 |  575.5 |
               +--------+--------+--------+--------+--------+-----+--------+

Top non-repeatable levels by time:
     D:1: 1127 daAuts
     D:2: 23 daAuts
